 Dungeon Crawl Stone Soup version 0.14-a0-2162-g062a2ce (webtiles) character file.

117 Kae the Firebug (level 4, 0/21 HPs)
             Began as a Tengu Fire Elementalist on Jan 28, 2014.
             Succumbed to an adder's poison
             ... on Level 2 of the Dungeon.
             The game lasted 00:01:28 (1263 turns).

Kae the Firebug (Tengu Fire Elementalist)           Turns: 1263, Time: 00:01:28

HP   0/21        AC  2     Str  8      XL: 4   Next: 30%
MP   0/8         EV 12     Int 17      God:
Gold 43          SH  0     Dex 12      Spells:  1 memorised,  7 levels left

rFire  . . .     SeeInvis .     (no weapon)
rCold  . . .     Clarity  .     a - +0 robe
rNeg   . . .     Conserve .     (no shield)
rPois  .         rCorr    .     (helmet restricted)
rElec  .         rRot     .     (no cloak)
SustAb . .       Spirit   .     (no gloves)
rMut   .         Warding  .     (boots unavailable)
Saprov . . .     Stasis   .     (no amulet)
MR     .....                    (no ring)
                                (no ring)

@: mildly poisoned, very slightly contaminated, not resistant to hostile
enchantments, fairly stealthy
A: beak, talons 3, blurry vision 1, clumsy 1, frail 1, low mp 1
a: no special abilities


You were on level 2 of the Dungeon.
You were not hungry.

You visited 1 branch of the dungeon, and saw 2 of its levels.

You collected 43 gold pieces.

Inventory:

Armour
 a - a +0 robe (worn)
Comestibles
 c - a bread ration
 g - a meat ration
 i - a snozzcumber
Scrolls
 d - 2 scrolls of identify {unknown}
 h - a scroll of curse jewellery {unknown}
Jewellery
 f - a cursed ring of teleportation {unknown}
Books
 b - a book of Flames

   Spells                             Type                      Level
   *Flame Tongue                      Conjuration/Fire             1
   Throw Flame                        Conjuration/Fire             2
   Conjure Flame                      Conjuration/Fire             3
   Inner Flame                        Hexes/Fire                   3
   Sticky Flame                       Conjuration/Fire             4
   Fireball                           Conjuration/Fire             5


   Skills:
 - Level 2.1 Dodging
 - Level 2.0 Stealth
 + Level 2.5 Spellcasting
 * Level 2.6 Conjurations
 * Level 4.7 Fire Magic


You had 7 spell levels left.
You knew the following spells:

 Your Spells              Type           Power        Failure   Level  Hunger
a - Flame Tongue          Conj/Fire      ##...        4%          1    #......


Dungeon Overview and Level Annotations

Branches:
Dungeon (2/16)

Altars:


Innate Abilities, Weirdness & Mutations

You have a beak for a mouth.
You have claws for feet.
Your vision is a little blurry.
You are clumsy. (Dex -2)
You are frail (-10% HP).
Your magical capacity is low (-10% MP).


Message History

Casting: Flame Tongue
Confirm with . or Enter, or press ? or * to list all spells.
Aiming: Flame Tongue
Press: ? - help, Shift-Dir - straight line, f/p - adder
Aim: an adder (heavily wounded)
The flame hits the adder.
You kill the adder!
* * * LOW HITPOINT WARNING * * *
You feel sick.
You feel a little better.
Drink which item? (? for menu, Esc to quit)
You feel extremely strange.
You feel more energetic.
Your vision blurs.
You feel frail.
It was a potion of mutation.
Drink which item? (? for menu, Esc to quit)
You feel extremely strange.
You feel less energetic.
You feel clumsy.
You start resting.
You die...

######### #........
#........ . #####........
... #............
....########....########
.......................#.
...!....@........#####.#.
.......#####.........#.#.
..... #......##.#.#. ....
#............< ...
#.#######.#.#. .
####.#######.#.#.
..............#.#.
.............##.#.
...........##>.%...


There were no monsters in sight!

Vanquished Creatures
  2 adders (D:2)
  3 gnolls (D:2)
  A worm (D:2)
  A giant gecko (D:2)
  2 bats (D:1)
  4 goblins (D:1)
  4 hobgoblins
  3 kobolds (D:1)
  2 giant newts (D:1)
  4 rats
26 creatures vanquished.

Notes
Turn   | Place    | Note
--------------------------------------------------------------
     0 | D:1      | Kae, the Tengu Fire Elementalist, began the quest for the Orb.
     0 | D:1      | Reached XP level 1. HP: 10/10 MP: 3/3
   138 | D:1      | Reached XP level 2. HP: 9/15 MP: 3/5
   548 | D:1      | Reached skill level 4 in Fire Magic
   661 | D:2      | Reached XP level 3. HP: 13/19 MP: 4/7
  1217 | D:2      | Reached XP level 4. HP: 18/24 MP: 5/9
  1260 | D:2      | HP: 1/24 [poisoned by an adder]
  1261 | D:2      | Gained mutation: You have an increased reservoir of magic (+10% MP). [potion of mutation]
  1261 | D:2      | Gained mutation: Your vision is a little blurry. [potion of mutation]
  1261 | D:2      | Gained mutation: You are frail (-10% HP). [potion of mutation]
  1262 | D:2      | Lost mutation: You have an increased reservoir of magic (+10% MP). [potion of mutation]
  1262 | D:2      | Gained mutation: Your magical capacity is low (-10% MP). [potion of mutation]
  1262 | D:2      | Gained mutation: You are clumsy. (Dex -2) [potion of mutation]
  1263 | D:2      | Succumbed to an adder's poison

Action                   |  1- 3 |  4- 6 || total
-------------------------+-------+-------++-------
Melee: Unarmed           |    17 |     1 ||    18
 Cast: Flame Tongue      |    41 |    10 ||    51
  Use: Potion            |       |     2 ||     2
